 Dungeon Crawl Stone Soup version 0.18-b1-16-g289874d (webtiles) character file.

1588 otab the Basher (level 8, -8/132 HPs)
             Began as an Ogre Berserker on May 1, 2016.
             Was an Elder of Trog.
             Mangled by otab's ghost (24 damage)
             ... on level 6 of the Dungeon.
             The game lasted 00:05:42 (4960 turns).

otab the Basher (Ogre Berserker)                    Turns: 4960, Time: 00:05:42

Health: -8/132     AC:  7    Str: 28    XL:     8   Next: 92%
Magic:  17/17      EV: 12    Int:  6    God:    Trog [****..]
Gold:   198        SH:  0    Dex: 11    Spells: 0 memorised, 7 levels left

rFire  . . .     SeeInvis .     l - -1 flail (curse)
rCold  . . .     Gourm    .     b - +0 animal skin
rNeg   . . .     Faith    .     (no shield)
rPois  .         Spirit   .     (helmet restricted)
rElec  .         Dismiss  .     (no cloak)
rCorr  .         Reflect  .     (gloves unavailable)
SustAt .         Harm     .     (boots unavailable)
MR     .....                    (no amulet)
Stlth  ..........               (no ring)
                                e - ring of magical power

@: berserking, very quick, not resistant to hostile enchantments, extremely
unstealthy
A: unfitting armour, beak, iridescent scales 1, regeneration 1, tough skin 1
a: Berserk, Trog's Hand, Brothers in Arms, Burn Spellbooks, Renounce Religion


You were on level 6 of the Dungeon.
You worshipped Trog.
Trog was greatly pleased with you.
You were not hungry.

You visited 1 branch of the dungeon, and saw 6 of its levels.

You collected 198 gold pieces.

Inventory:

Hand Weapons
 a - a +1 mace
 l - a cursed -1 flail (weapon)
 m - a +3 flail of venom
Armour
 b - a +0 animal skin (worn)
Jewellery
 e - a ring of magical power (left hand)
Wands
 k - a wand of lightning (15/15)
 r - a wand of disintegration (9/24)
 s - a wand of flame (29/48)
Scrolls
 d - a scroll of identify
 f - a scroll of amnesia
 p - a scroll of fog
 q - a scroll of enchant weapon
Potions
 g - 4 potions of curing
 h - 3 potions of brilliance
 i - 2 potions of haste
 n - a potion of cure mutation {unknown}
 o - 2 potions of invisibility
 t - 2 potions of flight
Comestibles
 c - 2 bread rations
 j - 2 meat rations


   Skills:
 + Level 7.7 Fighting
 * Level 10.2 Maces & Flails
 + Level 6.5 Dodging


You had 7 spell levels left.
You didn't know any spells.

Dungeon Overview and Level Annotations

Branches:
Dungeon (6/15)             Temple (0/1) D:4

Altars:
Ashenzari
Dithmenos
Fedhas
Makhleb
Qazlal
Ru
Sif Muna
Trog
Vehumet
Zin

Annotations:
D:6 otab's ghost, novice OgBe


Innate Abilities, Weirdness & Mutations

You are too large for most types of armour.
You have tough skin (AC +1).
You have a beak for a mouth.
You are partially covered in iridescent scales (AC +4).
Your natural rate of healing is unusually fast.


Message History

You closely miss otab's ghost. Your peck misses otab's ghost.
You barely miss otab's ghost. Your peck misses otab's ghost.
The jackal closely misses you. Otab's ghost hits you!!
You barely miss otab's ghost.
The jackal bites you but does no damage.
Otab's ghost hits you!!
* * * LOW HITPOINT WARNING * * *
You closely miss otab's ghost. You peck otab's ghost.
Otab's ghost is lightly damaged.
The jackal bites you.
* * * LOW HITPOINT WARNING * * *
You closely miss otab's ghost.
Otab's ghost is lightly damaged.
Otab's ghost completely misses you.
You completely miss otab's ghost.
Otab's ghost is lightly damaged.
The jackal completely misses you.
The jackal bites you but does no damage.
Otab's ghost hits you!!
You die...

#......... . #
......... #.
#..........
...##..........
%...#.......#
#...........
#..!.......
#.h@.......
#.hW.......
#....<......
#...........#
#..........##
........#####
.##......#
.......#


You could see otab's ghost and 2 jackals.

Vanquished Creatures
  Sigmund (D:5)
  2 ogres (D:4)
  A centaur (D:5)
  A phantom (D:5)
  The ghost of Aksel the Sneak, an amateur OpAs of Okawaru (D:4)
  A scorpion (D:5)
  A water moccasin skeleton (D:4)
  A howler monkey (D:4)
  2 crimson imps
  2 hounds
  5 orc wizards
  A giant frog skeleton (D:5)
  4 orc priests
  An iguana (D:4)
  5 worker ants
  A hound skeleton (D:5)
  12 gnolls
  6 adders
  2 oozes
  3 worms
  3 dart slugs
  A giant gecko (D:5)
  23 orcs
  4 giant cockroaches (D:1)
  14 goblins
  10 hobgoblins
  14 jackals
  6 kobolds
  3 ball pythons
  5 bats
  A giant cockroach zombie (D:5)
  A giant gecko skeleton (D:4)
  2 giant newts (D:1)
  10 rats
150 creatures vanquished.

Vanquished Creatures (others)
  An orc wizard (D:3)
1 creature vanquished.

Grand Total: 151 creatures vanquished

Notes
Turn   | Place    | Note
--------------------------------------------------------------
     0 | D:1      | otab the Ogre Berserker began the quest for the Orb.
     0 | D:1      | Reached XP level 1. HP: 24/24 MP: 1/1
   149 | D:1      | Reached XP level 2. HP: 24/32 MP: 2/2
   816 | D:1      | Reached XP level 3. HP: 37/39 MP: 3/3
   882 | D:1      | Reached skill level 5 in Maces & Flails
  1053 | D:1      | Reached ** piety under Trog
  1605 | D:2      | Found a glowing silver altar of Zin.
  1624 | D:2      | Reached XP level 4. HP: 37/49 MP: 4/4
  2051 | D:2      | Gained mutation: You have a beak for a mouth. [potion of mutation]
  2051 | D:2      | Gained mutation: Your natural rate of healing is unusually fast. [potion of mutation]
  2051 | D:2      | Gained mutation: You are partially covered in iridescent scales (AC +4). [potion of mutation]
  2071 | D:2      | Reached XP level 5. HP: 43/55 MP: 5/5
  2223 | D:2      | Found a shattered altar of Ashenzari.
  2412 | D:3      | Found a shadowy altar of Dithmenos.
  2462 | D:3      | Reached skill level 5 in Fighting
  2462 | D:3      | Reached skill level 6 in Maces & Flails
  2547 | D:3      | Found a burning altar of Makhleb.
  2550 | D:3      | Reached XP level 6. HP: 66/66 MP: 6/6
  2557 | D:3      | Reached *** piety under Trog
  2826 | D:3      | Reached skill level 7 in Maces & Flails
  3175 | D:3      | Found a deep blue altar of Sif Muna.
  3229 | D:4      | Found a stormy altar of Qazlal.
  3332 | D:4      | Reached XP level 7. HP: 69/74 MP: 7/7
  3419 | D:4      | Found a sacrificial altar of Ru.
  3432 | D:4      | Reached skill level 8 in Maces & Flails
  3574 | D:4      | Noticed Aksel's ghost (amateur OpAs)
  3583 | D:4      | Killed Aksel's ghost
  3583 | D:4      | Reached skill level 5 in Dodging
  3618 | D:4      | Reached **** piety under Trog
  3739 | D:4      | Found a bloodstained altar of Trog.
  3761 | D:4      | Found a staircase to the Ecumenical Temple.
  3770 | D:4      | Reached XP level 8. HP: 84/84 MP: 8/8
  3889 | D:4      | Found a radiant altar of Vehumet.
  4142 | D:5      | Entered Level 5 of the Dungeon
  4153 | D:5      | Reached skill level 9 in Maces & Flails
  4408 | D:5      | Found a blossoming altar of Fedhas.
  4449 | D:5      | Noticed Sigmund
  4464 | D:5      | Killed Sigmund
  4666 | D:5      | Reached skill level 10 in Maces & Flails
  4952 | D:6      | Noticed otab's ghost (novice OgBe)
  4960 | D:6      | Mangled by otab's ghost

Skill      XL: |  1  2  3  4  5  6  7  8 |
---------------+-------------------------+-----
Dodging        | 3 4 5 6 |  6.5
Maces & Flails | 5 6 7 8 10 | 10.2
Fighting       | 5 6 7 |  7.7

Action                   |  1- 3 |  4- 6 |  7- 9 || total
-------------------------+-------+-------+-------++-------
Melee: Mace              |   128 |    24 |       ||   152
       Flail             |       |   113 |   230 ||   343
       Peck              |       |    12 |    53 ||    65
Invok: Berserk           |       |     3 |     4 ||     7
  Use: Scroll            |       |     9 |     6 ||    15
       Potion            |       |     1 |     1 ||     2
 Stab: Sleeping          |     1 |       |       ||     1
  Eat: Chunk             |     2 |     3 |     6 ||    11
       Meat ration       |       |     1 |     1 ||     2
Armor: Animal skin       |    33 |    38 |    90 ||   161
Dodge: Dodged            |    79 |    67 |   139 ||   285
